 Dungeon Crawl Stone Soup version 0.25-a0-302-g9f758675c1 (webtiles) character file.

Game seed: 10589878839645105082, levelgen mode: deterministic

7429 mopl the Frost Mage (level 11, 0/79 HPs)
             Began as a Merfolk Ice Elementalist on Dec 20, 2019.
             Was an Elder of Kikubaaqudgha.
             Slain by a troll (7 damage)
             ... on level 11 of the Dungeon.
             The game lasted 00:27:55 (9891 turns).

mopl the Frost Mage (Merfolk Ice Elementalist)      Turns: 9891, Time: 00:27:55

Health: 0/79       AC: 13    Str:  9    XL:     11   Next: 15%
Magic:  2/21       EV: 15    Int: 23    God:    Kikubaaqudgha [****..]
Gold:   574        SH:  0    Dex: 15    Spells: 3/23 levels left

rFire    . . .     SeeInvis .   S - +4 halberd (freeze)
rCold    . . .     Gourm    .   (shield currently unavailable)
rNeg     . . .     Faith    +   J - +0 troll leather armour
rPois    .         Spirit   .   (no helmet)
rElec    .         Reflect  .   (no cloak)
rCorr    +         Harm     .   s - +0 pair of gloves
MR       .....                  O - +0 pair of boots
Stlth    ++........             U - amulet of faith {!P}
HPRegen  0.63/turn              p - ring of resist corrosion
MPRegen  0.17/turn              w - +6 ring of intelligence

@: icy armour
A: change form in water, swift swim, stealthy swim
a: Receive Corpses, Renounce Religion


You were on level 11 of the Dungeon.
You worshipped Kikubaaqudgha.
Kikubaaqudgha was greatly pleased with you.
You were hungry.

You visited 1 branch of the dungeon, and saw 11 of its levels.
You also visited: Sewer.

You collected 574 gold pieces.

Inventory:

Hand Weapons
 a - a +0 spear
 b - a +2 scythe of venom
 L - a +1 dagger of venom
 S - a +4 halberd of freezing (weapon)
Missiles
 i - 13 boomerangs
 o - 31 poisoned darts (quivered)
 t - 3 datura-tipped darts
 A - 7 curare-tipped darts
 M - 2 silver boomerangs
Armour
 s - a +0 pair of gloves (worn)
 J - a +0 troll leather armour (worn)
 O - a +0 pair of boots (worn)
 P - a +2 buckler
Jewellery
 p - a ring of resist corrosion (left hand)
 v - an uncursed ring of wizardry
 w - a +6 ring of intelligence (right hand)
 U - an amulet of faith (around neck) {!P}
 V - an uncursed ring of ice
Wands
 C - a wand of polymorph (10)
 E - a wand of paralysis (8)
 K - a wand of disintegration (17)
 N - a wand of flame (24)
 Q - a wand of clouds (7)
 T - a wand of acid (9)
Scrolls
 d - 3 scrolls of magic mapping {unknown}
 e - 2 scrolls of enchant weapon {unknown}
 f - 2 scrolls of fear {unknown}
 h - 4 scrolls of remove curse {unknown}
 k - 4 scrolls of teleportation
 q - a scroll of random uselessness {unknown}
 r - 3 scrolls of blinking {unknown}
 x - 2 scrolls of immolation {unknown}
 y - 3 scrolls of amnesia {unknown}
 B - a scroll of acquirement {unknown}
 G - a scroll of fog {unknown}
Potions
 g - 2 potions of heal wounds
 j - a potion of haste
 l - a potion of resistance
 m - 2 potions of mutation {!q}
 n - 2 potions of agility
 u - 2 potions of might {unknown}
 z - a potion of flight
 D - a potion of invisibility {unknown}
 F - 3 potions of curing {unknown}
 H - a potion of brilliance
 I - a potion of magic
Comestibles
 c - 23 rations


   Skills:
 + Level 5.0 Fighting
 + Level 8.3 Polearms
 + Level 6.8 Dodging
 - Level 2.1 Stealth
 + Level 6.6 Spellcasting
 + Level 3.9 Conjurations
 - Level 3.0 Charms
 - Level 4.0 Summonings
 * Level 5.1 Necromancy
 + Level 9.9 Ice Magic


You had 3 spell levels left.
You knew the following spells:

 Your Spells              Type           Power        Failure   Level  Hunger
a - Freeze                Ice            ####         1%          1    None
b - Vampiric Draining     Necr           ####......   4%          3    None
c - Hailstorm             Conj/Ice       #####...     6%          4    ###....
d - Summon Ice Beast      Ice/Summ       #####...     6%          4    ###....
s - Ozocubu's Armour      Chrm/Ice       #####...     2%          3    None
x - Animate Skeleton      Necr           N/A          1%          1    None
X - Animate Dead          Necr           N/A          14%         4    ###....

Your spell library contained the following spells:

 Spells                   Type           Power        Failure   Level  Hunger
 Pain                     Necr           ####         1%          1    None
 Sublimation of Blood     Necr           ####......   1%          2    None
 Agony                    Necr           ####....     36%         5    #####..
 Dispel Undead            Necr           ####....     36%         5    #####..
 Excruciating Wounds      Chrm/Necr      ####......   52%         5    #####..
 Death Channel            Necr           ####......   91%         6    ######.


Dungeon Overview and Level Annotations

Branches:
Dungeon (11/15)            Temple (0/1) D:7             Orc (0/2) D:9
  Sewer (visited)
   Lair: D:8-11

Altars:
Ashenzari
Cheibriados
Elyvilon
Gozag
Kikubaaqudgha
Makhleb
Nemelex Xobeh
Okawaru
Qazlal
Ru
Trog
Uskayaw
Vehumet
Wu Jian
Yredelemnul
The Shining One

Annotations:
D:10 1 runed translucent door, twoshot's ghost, journeyman GnFE


Message History

Your ice beast hits the leopard gecko.
Your ice beast freezes the leopard gecko!
The leopard gecko dies!
Kikubaaqudgha accepts your kill.
You slash the troll! You freeze the troll!
The troll is almost dead.
The troll bites you!
* * * LOW HITPOINT WARNING * * *
The troll closely misses you. x2
Your ice beast closely misses the troll.
Unknown command.
You hit the troll. You freeze the troll.
The troll is almost dead.
The troll completely misses you. x2; The troll misses you.
Your ice beast barely misses the troll.
You completely miss the troll.
The troll is almost dead.
The troll bites you!
You die...
Kikubaaqudgha rasps: "You have failed me!
Welcome... death!"

#...........######
#...........#....#
######...........#....#
.................#...[#
.......).........#...[#
......##########.#....#
......# #.#....#
......# #.'....#
......# #@#....#
......# #T######
......# #.Y......
......# #...l....
......## #...(....
.......# #....(...
.......# #........
.......### #...(....
.......... .........


You could see a troll and a friendly ice beast.

Vanquished Creatures
  A gargoyle (D:10)
  A troll (D:11)
  2 hippogriffs (D:10)
  9 yaks
  2 soldier ants (D:10)
  2 water moccasins
  An orc warrior (D:9)
  An eye of draining (D:11)
  A hornet zombie (D:9)
  A sky beast (D:6)
  A phantom (D:10)
  3 ogres
  2 centaurs
  10 bullfrogs
  2 wyvern skeletons (D:8)
  A scorpion (D:5)
  12 killer bees
  6 crimson imps
  5 hounds
  A quasit (D:8)
  A centaur skeleton (D:8)
  A bullfrog skeleton (D:4)
  10 orc priests
  2 jellies
  5 orc wizards
  2 iguanas
  6 worker ants
  A hound zombie (D:10)
  2 gnolls (D:9)
  A howler monkey skeleton (D:4)
  4 river rats (Sewer)
  11 adders
  2 shadow imps
  An adder zombie (D:5)
  A worm (D:10)
  6 leopard geckos
  17 orcs
  2 bat zombies (D:5)
  4 giant cockroaches
  4 goblins
  6 hobgoblins
  4 jackals (D:1)
  3 ball pythons
  4 bats
  10 frilled lizards
  7 kobolds
  11 rats
  A rat zombie (D:5)
193 creatures vanquished.

Vanquished Creatures (collateral kills)
  A two-headed ogre (D:9)
  A troll (D:7)
  A hippogriff (D:9)
  4 yaks (D:9)
  3 orc warriors (D:9)
  2 ogres
  A necrophage (D:10)
  2 hornet zombies
  A gnoll sergeant (D:9)
  A water moccasin zombie (D:10)
  A scorpion (D:9)
  A killer bee (D:8)
  4 wights (D:10)
  2 orc wizards (D:9)
  2 gnolls (D:9)
  A shadow imp (D:8)
  A leopard gecko (D:11)
  9 orcs
  A quokka (D:10)
39 creatures vanquished.

Vanquished Creatures (others)
  6 plants (D:10)
6 creatures vanquished.

Grand Total: 238 creatures vanquished

Notes
Turn   | Place    | Note
-------+----------+-------------------------------------------
     0 | D:1      | mopl the Merfolk Ice Elementalist began the quest for the
                  | Orb.
     0 | D:1      | Reached XP level 1. HP: 13/13 MP: 3/3
   134 | D:1      | Reached XP level 2. HP: 19/19 MP: 1/5
   622 | D:1      | Reached XP level 3. HP: 21/24 MP: 3/6
   922 | D:2      | Learned a level 3 spell: Ozocubu's Armour
   989 | D:2      | Reached skill level 5 in Ice Magic
  1483 | D:3      | Found an ornate altar of the Wu Jian Council.
  1528 | D:3      | Reached skill level 1 in Polearms
  1562 | D:3      | Reached skill level 1 in Charms
  1562 | D:3      | Reached XP level 4. HP: 30/30 MP: 4/8
  1577 | D:3      | Learned a level 4 spell: Hailstorm
  1738 | D:3      | Found an opulent altar of Gozag.
  1779 | D:3      | Reached skill level 3 in Spellcasting
  2035 | D:4      | Reached XP level 5. HP: 24/35 MP: 1/9
  2433 | D:4      | Found a bloodstained altar of Trog.
  2436 | D:4      | Found a sacrificial altar of Ru.
  2436 | D:4      | Found a burning altar of Makhleb.
  2437 | D:4      | Found a hide-covered altar of Uskayaw.
  2438 | D:4      | Found a snail-covered altar of Cheibriados.
  2438 | D:4      | Found a stormy altar of Qazlal.
  2439 | D:4      | Found an iron altar of Okawaru.
  2539 | D:4      | Reached skill level 2 in Charms
  3054 | D:5      | Entered Level 5 of the Dungeon
  3203 | D:5      | Reached skill level 2 in Polearms
  3219 | D:5      | Reached XP level 6. HP: 39/41 MP: 8/11
  3353 | D:5      | Reached skill level 1 in Conjurations
  3427 | D:5      | Reached skill level 6 in Ice Magic
  3613 | D:5      | Reached skill level 3 in Polearms
  3613 | D:5      | Reached skill level 4 in Spellcasting
  3619 | D:5      | Learned a level 4 spell: Summon Ice Beast
  3838 | D:5      | Found an ancient bone altar of Kikubaaqudgha.
  3846 | D:5      | Became a worshipper of Kikubaaqudgha
  3874 | D:5      | Reached XP level 7. HP: 46/46 MP: 11/13
  4042 | D:6      | Noticed Sigmund
  4043 | D:6      | Noticed Sigmund
  4043 | D:6      | Sigmund changed into Sigmund the jelly
  4049 | D:6      | Killed Sigmund the jelly
  4080 | D:6      | Found a sparkling altar of Nemelex Xobeh.
  4230 | D:6      | Reached skill level 1 in Summonings
  4308 | D:6      | Found a shattered altar of Ashenzari.
  4368 | D:6      | Found a glowing drain.
  4404 | Sewer    | Entered a sewer
  4458 | Sewer    | Reached * piety under Kikubaaqudgha
  4458 | Sewer    | Identified Kikubaaqudgha's Volume of Evil (Kikubaaqudgha
                  | gifted it to you in a sewer)
  4458 | Sewer    | Received a gift from Kikubaaqudgha
  4477 | Sewer    | Learned a level 1 spell: Animate Skeleton
  4496 | Sewer    | Reached skill level 1 in Necromancy
  4962 | D:6      | Found a radiant altar of Vehumet.
  4971 | D:6      | Reached skill level 4 in Polearms
  4971 | D:6      | Reached skill level 2 in Conjurations
  4971 | D:6      | Reached XP level 8. HP: 51/52 MP: 10/15
  4999 | D:6      | Found a basalt altar of Yredelemnul.
  5080 | D:6      | Found a white marble altar of Elyvilon.
  5398 | D:7      | Reached skill level 7 in Ice Magic
  5462 | D:6      | Learned a level 3 spell: Vampiric Draining
  5463 | D:7      | Found a glowing golden altar of the Shining One.
  5476 | D:7      | Reached skill level 5 in Spellcasting
  5682 | D:7      | Reached skill level 2 in Summonings
  5741 | D:7      | Reached skill level 3 in Dodging
  5783 | D:7      | Noticed a troll
  5801 | D:7      | Killed a troll
  5801 | D:7      | Reached skill level 1 in Fighting
  5853 | D:7      | Found a staircase to the Ecumenical Temple.
  6060 | D:7      | Reached skill level 5 in Polearms
  6060 | D:7      | Reached skill level 2 in Necromancy
  6369 | D:8      | Reached XP level 9. HP: 35/61 MP: 3/16
  6492 | D:8      | Reached skill level 2 in Fighting
  6562 | D:8      | Reached ** piety under Kikubaaqudgha
  6564 | D:8      | Reached skill level 8 in Ice Magic
  6668 | D:8      | Reached skill level 4 in Dodging
  6725 | D:8      | Reached skill level 3 in Summonings
  6727 | D:8      | Reached skill level 3 in Conjurations
  7104 | D:8      | Reached skill level 6 in Polearms
  7144 | D:8      | Reached skill level 3 in Fighting
  7197 | D:8      | Reached skill level 3 in Necromancy
  7331 | D:9      | Reached skill level 5 in Dodging
  7463 | D:9      | Reached skill level 9 in Ice Magic
  7473 | D:9      | Noticed a two-headed ogre
  7480 | D:9      | Killed a two-headed ogre
  7480 | D:9      | Reached skill level 7 in Polearms
  7480 | D:9      | Reached skill level 6 in Spellcasting
  7480 | D:9      | Reached XP level 10. HP: 71/71 MP: 6/19
  7514 | D:9      | Reached *** piety under Kikubaaqudgha
  7514 | D:9      | Identified Kikubaaqudgha's Disquisition on Darkness
                  | (Kikubaaqudgha gifted it to you on level 9 of the Dungeon)
  7514 | D:9      | Received a gift from Kikubaaqudgha
  7564 | D:9      | Reached skill level 4 in Fighting
  8014 | D:9      | Reached skill level 4 in Necromancy
  8027 | D:9      | Reached skill level 6 in Dodging
  8206 | D:9      | Found a staircase to the Orcish Mines.
  8421 | D:9      | Learned a level 4 spell: Animate Dead
  8452 | D:10     | Entered Level 10 of the Dungeon
  8573 | D:10     | Identified the +2 trident of Purpose {pierce, rF+}
  8574 | D:10     | Found a runed translucent door.
  8574 | D:10     | Noticed twoshot's ghost (journeyman GnFE)
  8574 | D:10     | Noticed a spriggan rider
  8834 | D:10     | Reached skill level 3 in Charms
  8992 | D:10     | Reached **** piety under Kikubaaqudgha
  9094 | D:10     | Reached skill level 8 in Polearms
  9182 | D:10     | Reached skill level 4 in Summonings
  9260 | D:10     | Noticed a gargoyle
  9276 | D:10     | Killed a gargoyle
  9276 | D:10     | Reached XP level 11. HP: 38/78 MP: 11/20
  9799 | D:11     | Reached skill level 5 in Necromancy
  9842 | D:11     | Reached skill level 5 in Fighting
  9891 | D:11     | Slain by a troll

Levels and vault maps discovered:
D:1:      dpeg_arrival_three_smaller_balls, layout_loops_ring,
          nrook_mini_backslash
D:2:      layout_loops_cross, kennysheep_minor_cross
D:3:      layout_rooms, lemuel_crystal_altar, first_ration, minmay_fountain_box,
          grunt_gozag_statues
D:4:      layout_layer_cave, grunt_temple_overflow_open
D:5:      layout_cave_pods, lemuel_zombie_altar_kikubaaqudgha
D:6:      layout_basic, kennysheep_ying_yang, lemuel_doored_altar,
          nemelex_xobeh_ov_fountains_minmay, portal_sewer_entry_f, basic_altar,
          uniq_sigmund
D:7:      layout_cave_pools, lemuel_crystal_altar, minmay_temple_entry_grid
D:8:      layout_rooms
D:9:      layout_long_grid, david_orc_4
D:10:     layout_loops_ring, ebering_ghost_funeral_grove,
          hangedman_pestilent_swarm, minivault_5, minmay_misc_feat_pillars,
          item_on_display_a
D:11:     layout_irregular_city, david_lair_shrubbed, fungi_pond_lemuel,
          minmay_strange_pillars

Skill      XL: |  1  2  3  4  5  6  7  8  9 10 11 |
---------------+----------------------------------+-----
Ice Magic      | 5 6 7 9 |  9.9
Polearms       | 1 2 3 4 5 7 8 |  8.3
Charms         | 1 2 3 |  3.0
Spellcasting   | 3 4 5 6 |  6.6
Conjurations   | 1 2 3 |  3.9
Summonings     | 1 2 3 4 |  4.0
Necromancy     | 1 2 3 4 5 |  5.1
Dodging        | 3 5 6 |  6.8
Fighting       | 1 3 4 5 |  5.0
Stealth        | |  2.1

Action                   |  1- 3 |  4- 6 |  7- 9 | 10-12 || total
-------------------------+-------+-------+-------+-------++-------
Melee: Spear             |    71 |    64 |   188 |   145 ||   468
       Tailslap          |       |       |     3 |       ||     3
       Halberd           |       |       |       |   102 ||   102
Throw: Dart              |       |    20 |    19 |     3 ||    42
 Cast: Freeze            |    34 |    37 |   160 |    52 ||   283
       Ozocubu's Armour  |       |     2 |     6 |     9 ||    17
       Animate Skeleton  |       |       |     2 |    14 ||    16
       Summon Ice Beast  |       |       |    12 |    24 ||    36
       Vampiric Draining |       |       |     2 |     1 ||     3
       Hailstorm         |       |       |     7 |       ||     7
       Animate Dead      |       |       |       |     1 ||     1
Invok: Receive Corpses   |       |       |       |     1 ||     1
Evoke: Wand              |       |       |     8 |       ||     8
  Use: Scroll            |       |       |    10 |       ||    10
 Stab: Sleeping          |     5 |     2 |    10 |     2 ||    19
       Paralysed         |       |       |    17 |       ||    17
       Distracted        |       |       |       |     5 ||     5
  Eat: Chunk             |     2 |     4 |    14 |    11 ||    31
       Ration            |       |     1 |       |       ||     1
Armor: Robe              |    17 |    25 |    16 |       ||    58
       Troll leather arm |       |       |    39 |    35 ||    74
Dodge: Dodged            |    53 |    65 |   159 |   188 ||   465

Table legend:
 A = Non-vault XP
 B = Vault XP
 C = Vault XP percentage of total XP
 D = Non-vault monster count
 E = Vault monster count
 F = Vault count percentage of total count
                 A         B        C        D         E       F
            +---------+---------+-------+---------+---------+-------
      Total |    9708 |     905 |   8.5 |     185 |      47 |  20.3
            +---------+---------+-------+---------+---------+-------
        D:1 |      38 |       0 |   0.0 |      25 |       0 |   0.0
        D:2 |      37 |       0 |   0.0 |      10 |       0 |   0.0
        D:3 |      25 |       0 |   0.0 |       7 |       0 |   0.0
        D:4 |     130 |       0 |   0.0 |       6 |       0 |   0.0
        D:5 |     389 |       5 |   1.3 |      10 |       3 |  23.1
        D:6 |     516 |      51 |   9.0 |       9 |       5 |  35.7
        D:7 |     897 |       0 |   0.0 |      14 |       0 |   0.0
        D:8 |    1660 |       6 |   0.4 |      42 |       2 |   4.5
        D:9 |    2809 |     386 |  12.1 |      33 |      13 |  28.3
       D:10 |    2554 |     362 |  12.4 |      24 |       4 |  14.3
       D:11 |     653 |       0 |   0.0 |       5 |       0 |   0.0
      Sewer |       0 |      95 | 100.0 |       0 |      20 | 100.0
            +---------+---------+-------+---------+---------+-------
